 Dungeon Crawl Stone Soup version 0.20.1-1-g8b1a95d (webtiles) character file.

136 HammerPanzer the Cudgeler (level 4, -6/36 HPs)
             Began as a Demonspawn Berserker on Oct 27, 2017.
             Was a Believer of Trog.
             Mangled by Crelarid's ghost (10 damage)
             ... on level 3 of the Dungeon.
             The game lasted 00:06:27 (2037 turns).

HammerPanzer the Cudgeler (Demonspawn Berserker)    Turns: 2037, Time: 00:06:28

Health: -6/36      AC:  8    Str: 18    XL:     4   Next: 98%
Magic:  4/4        EV: 11    Int:  9    God:    Trog [**....]
Gold:   73         SH:  0    Dex: 12    Spells: 3/3 levels left

rFire    . . .     SeeInvis .   h - +0 flail
rCold    . . .     Gourm    .   (no shield)
rNeg     . . .     Faith    .   j - +1 ring mail
rPois    .         Spirit   .   (no helmet)
rElec    .         Reflect  .   (no cloak)
rCorr    .         Harm     .   (no gloves)
MR       .....                  (no boots)
Stlth    +.........             (no amulet)
Regen    0.2/turn               (no ring)
MPRegen  0.1/turn               (no ring)

@: berserk cooldown, slowed, very slow
A: claws 1, iridescent scales 1
a: Berserk, Trog's Hand, Burn Spellbooks, Renounce Religion


You were on level 3 of the Dungeon.
You worshipped Trog.
Trog was pleased with you.
You were very hungry.

You visited 1 branch of the dungeon, and saw 4 of its levels.

You collected 73 gold pieces.

Inventory:

Hand Weapons
 a - a +1 mace
 h - a +0 flail (weapon)
Armour
 j - a +1 ring mail (worn)
Scrolls
 f - a scroll of enchant weapon
 o - a scroll of enchant armour
Potions
 b - a potion of haste {unknown}
 d - 2 potions of flight
 e - 2 potions of degeneration
 i - 2 potions of magic {unknown}
 m - 2 potions of curing {unknown}
 p - a potion of berserk rage {unknown}
 q - a potion of lignification {unknown}
Comestibles
 c - a bread ration
 g - 2 chunks of flesh
 n - 2 royal jellies


   Skills:
 + Level 3.6 Fighting
 + Level 4.3 Maces & Flails
 + Level 2.1 Armour
 + Level 2.4 Dodging


You had 3 spell levels left.
You didn't know any spells.

Dungeon Overview and Level Annotations

Branches:
Dungeon (4/15)
 Temple: D:4-7

Altars:
Ashenzari
Nemelex Xobeh

Annotations:
D:3 Crelarid's ghost, amateur DrBe; Purgy


Innate Abilities, Weirdness & Mutations

You have sharp fingernails.
You are partially covered in iridescent scales. (AC +2)


Message History

Crelarid's ghost misses you.
You hit Crelarid's ghost but do no damage.
Crelarid's ghost is heavily damaged.
You are no longer berserk.
You are exhausted.
You feel yourself slow down. The bat misses you. The rat bites you.
* * * LOW HITPOINT WARNING * * *
You sock Crelarid's ghost!
Crelarid's ghost is severely damaged.
The bat misses you. The bat completely misses you.
Crelarid's ghost barely misses you. The rat bites you but does no damage.
Crelarid's ghost closely misses you.
An adder comes into view.
The adder hisses angrily.
You sock Crelarid's ghost!
Crelarid's ghost is almost destroyed.
The bat hits you.
* * * LOW HITPOINT WARNING * * *
The rat bites you but does no damage. Crelarid's ghost hits you!
You die...

#...<.##..# #.# #.######
###...##..###.#####<###...
######................#.
#....###.#######..###
##.##.....######..####
#...............[#'#.#
#..##.########..###._. #r#
#...#'#.# #@# ######..####
#.Wb# ..........###
...h...#########..#.
#.##......# ##... #
##...#... #### #.......#
.....S... #.##..##.


You could see Crelarid's ghost, an adder, a jackal, a bat and a rat.

Vanquished Creatures
  An orc wizard (D:3)
  5 adders (D:2)
  An ooze (D:2)
  3 worms
  2 dart slugs
  An orc (D:3)
  9 bats
  4 goblins
  4 hobgoblins
  7 jackals
  5 frilled lizards
  9 kobolds
  2 rats
53 creatures vanquished.

Notes
Turn   | Place    | Note
-------+----------+-------------------------------------------
     0 | D:1      | HammerPanzer the Demonspawn Berserker began the quest for the Orb.
     0 | D:1      | Reached XP level 1. HP: 18/18 MP: 1/1
   241 | D:1      | Gained mutation: You are partially covered in iridescent scales. (AC +2) [demonic ancestry]
   241 | D:1      | Reached XP level 2. HP: 23/24 MP: 2/2
   456 | D:1      | Reached skill level 3 in Maces & Flails
   965 | D:2      | Gained mutation: You have sharp fingernails. [demonic ancestry]
   965 | D:2      | Reached XP level 3. HP: 24/29 MP: 3/3
  1150 | D:3      | Noticed Purgy
  1168 | D:2      | Reached ** piety under Trog
  1302 | D:2      | Reached XP level 4. HP: 36/36 MP: 4/4
  1586 | D:2      | Found a shattered altar of Ashenzari.
  1728 | D:2      | Reached skill level 4 in Maces & Flails
  1872 | D:3      | Found a sparkling altar of Nemelex Xobeh.
  2015 | D:3      | Noticed Crelarid's ghost (amateur DrBe)
  2037 | D:3      | Mangled by Crelarid's ghost

Skill      XL: |  1  2  3  4 |
---------------+-------------+-----
Dodging        | 2 |  2.4
Maces & Flails | 3 4 |  4.3
Armour         | 2 |  2.1
Fighting       | |  3.6

Action                   |  1- 3 |  4- 6 || total
-------------------------+-------+-------++-------
Melee: Mace              |   110 |    56 ||   166
       Flail             |       |    23 ||    23
Invok: Berserk           |     2 |     2 ||     4
  Use: Scroll            |       |     7 ||     7
  Eat: Chunk             |     3 |     3 ||     6
Armor: Animal skin       |    25 |       ||    25
       Ring mail         |    34 |    47 ||    81
Dodge: Dodged            |   117 |    58 ||   175
